 Dungeon Crawl Stone Soup version 0.17.0-7-gfadd4cc (webtiles) character file.

422 septik the Cudgeler (level 6, 0/37 HPs)
             Began as a Gargoyle Fighter on Nov 8, 2015.
             Slain by an iguana (9 damage)
             ... on level 5 of the Dungeon.
             The game lasted 00:07:37 (3886 turns).

septik the Cudgeler (Gargoyle Fighter)              Turns: 3886, Time: 00:07:38

Health: 0/37       AC: 14    Str: 20    XL:     6   Next: 95%
Magic:  6/6        EV:  7    Int:  9    God:
Gold:   151        SH:  9    Dex: 10    Spells: 0 memorised, 5 levels left

rFire  . . .     SeeInvis .     a - +0 flail
rCold  . . .     Clarity  .     b - +0 scale mail
rNeg   + . .     SustAt   .     c - +0 shield
rPois  ∞         Gourm    .     f - +2 helmet
rElec  +         Spirit   .     (no cloak)
rCorr  .         Warding  .     (no gloves)
rMut   .         Stasis   .     (no boots)
MR     .....                    (no amulet)
Stlth  ..........               (no ring)
                                (no ring)

@: not resistant to hostile enchantments, extremely unstealthy
A: negative energy resistance 1, electricity resistance, unbreathing,
petrification resistance, rot immunity, AC +4
a: no special abilities


You were on level 5 of the Dungeon.
You were not hungry.

You visited 1 branch of the dungeon, and saw 5 of its levels.

You collected 151 gold pieces.

Inventory:

Hand Weapons
 a - a +0 flail (weapon)
Missiles
 g - 178 stones (quivered)
 m - 14 poisoned needles
Armour
 b - a +0 scale mail (worn)
 c - a +0 shield (worn)
 f - a +2 helmet (worn)
Jewellery
 l - an uncursed ring of see invisible {unknown}
 p - an uncursed ring of see invisible {unknown}
Wands
 F - a wand of confusion (43)
Scrolls
 k - a scroll of blinking {unknown}
 n - a scroll of recharging {unknown}
 o - 2 scrolls of amnesia {unknown}
 r - 2 scrolls of teleportation {unknown}
 v - 2 scrolls of remove curse {unknown}
 y - 3 scrolls of identify {unknown}
 B - a scroll of random uselessness {unknown}
Potions
 d - a potion of might
 h - a potion of cancellation {unknown}
 i - a potion of agility {unknown}
 j - a potion of degeneration {unknown}
 q - 2 potions of poison {unknown}
 t - a potion of flight {unknown}
 w - 2 potions of curing {unknown}
 x - a potion of lignification {unknown}
 z - a potion of resistance {unknown}
 G - a potion of mutation {unknown}
Comestibles
 e - 5 bread rations
 s - a royal jelly
 u - a beef jerky
 A - 3 fruits
 C - 2 slices of pizza
 D - a meat ration


   Skills:
 - Level 3.2 Fighting
 + Level 7.1 Maces & Flails
 - Level 3.3 Armour
 - Level 3.3 Shields


You had 5 spell levels left.
You didn't know any spells.

Dungeon Overview and Level Annotations

Branches:
Dungeon (5/15)
 Temple: D:4-7

Altars:
Dithmenos
Kikubaaqudgha

Annotations:
D:4 Rayvis's ghost, novice DsFi


Innate Abilities, Weirdness & Mutations

You are resistant to torment.
Your stone body is resilient (AC +4).
You are immune to poison.
You resist negative energy.
You are resistant to electric shocks.
You can survive without breathing.
You are immune to petrification.
You are immune to rotting.


Message History

You barely miss the orc priest.
The orc priest is almost dead.
You block the orc priest's attack. You block Rayvis's ghost's attack.
The orc priest barely misses you. Rayvis's ghost closely misses you.
The orc priest calls upon Beogh to heal something.
There is a stone staircase leading down here.
Rayvis's ghost hits you!
* * * LOW HITPOINT WARNING * * *
You climb downwards.
A giant newt, an iguana and a worm come into view.
The iguana hisses angrily.
Found 28 stones.
There is a stone staircase leading up here.
A quokka comes into view.
The iguana barely misses you.
You sock the iguana!
The iguana is moderately wounded.
The iguana bites you!
You die...

... ..#
..# #.# .
#.# .. #
#.# ...#.
#l#
.....##@#
........#
....#...#
....l..<#
....#(###
....w.
...#.r ..
#.. # #.


You could see a worm, an iguana, a quokka and a giant newt.

Vanquished Creatures
  2 scorpions
  2 orc priests
  An orc wizard (D:3)
  A giant frog skeleton (D:4)
  An iguana (D:4)
  5 adders
  4 gnolls
  An ooze (D:4)
  4 worms
  4 giant geckos
  2 orcs
  8 bats
  13 goblins
  3 hobgoblins
  4 jackals (D:1)
  4 quokkas
  5 ball pythons
  3 giant cockroaches
  9 giant newts
  6 kobolds
  9 rats
91 creatures vanquished.

Notes
Turn   | Place    | Note
--------------------------------------------------------------
     0 | D:1      | septik the Gargoyle Fighter began the quest for the Orb.
     0 | D:1      | Reached XP level 1. HP: 14/14 MP: 1/1
    32 | D:1      | Reached XP level 2. HP: 6/19 MP: 2/2
   501 | D:1      | Reached XP level 3. HP: 21/23 MP: 3/3
  1360 | D:2      | Reached skill level 4 in Maces & Flails
  1425 | D:2      | Reached XP level 4. HP: 28/28 MP: 4/4
  1695 | D:2      | Found a shadowy altar of Dithmenos.
  2081 | D:3      | Reached skill level 5 in Maces & Flails
  2081 | D:3      | Reached XP level 5. HP: 18/32 MP: 5/5
  2729 | D:3      | Reached skill level 6 in Maces & Flails
  2729 | D:3      | Reached XP level 6. HP: 13/37 MP: 6/6
  3568 | D:4      | Found an ancient bone altar of Kikubaaqudgha.
  3634 | D:4      | Reached skill level 7 in Maces & Flails
  3834 | D:4      | Noticed Rayvis's ghost (novice DsFi)
  3882 | D:5      | Entered Level 5 of the Dungeon
  3886 | D:5      | Slain by an iguana

Action                   |  1- 3 |  4- 6 || total
-------------------------+-------+-------++-------
Melee: Flail             |   121 |   287 ||   408
Throw: Stone             |       |     2 ||     2
  Eat: Chunk             |     2 |     8 ||    10
